 Dungeon Crawl Stone Soup version 0.30-a0-622-gddc90eaa04 (webtiles) character file.

Game seed: 9763282414907165238

71 BigDaddyOpFi the Chopper (level 4, -1/41 HPs)
             Began as a Hill Orc Monk on Jan 10, 2023.
             Slain by an adder (2 damage)
             ... on level 2 of the Dungeon.
             The game lasted 00:02:16 (1335 turns).

BigDaddyOpFi the Chopper (Hill Orc Monk)            Turns: 1335, Time: 00:02:17

Health: -1/41      AC:  3    Str: 15    XL:     4   Next: 24%
Magic:  4/4        EV: 12    Int: 10    God:
Gold:   68         SH:  0    Dex: 13    Spells: 3/3 levels left

rFire   . . .      SeeInvis .    a - +0 hand axe
rCold   . . .      Faith    .    (no shield)
rNeg    . . .      Spirit   .    b - +1 robe
rPois   .          Reflect  .    (no helmet)
rElec   .          Harm     .    (no cloak)
rCorr   .          Rampage  .    (no gloves)
Will    .....                    (no boots)
Stlth   +                        (no amulet)
HPRegen 0.26/turn                (no ring)
MPRegen 0.09/turn                (no ring)

@: lethally poisoned (-1 -> -4), silenced
A: no striking features
a: no special abilities


You were on level 2 of the Dungeon.
You visited 1 branch of the dungeon, and saw 2 of its levels.

You collected 68 gold pieces.

Inventory:

Hand Weapons
 a - a +0 hand axe (weapon)
Armour
 b - a +1 robe (worn)
Scrolls
 e - a scroll of vulnerability
 j - 2 scrolls of silence


   Skills:
 + Level 4.3 Fighting
 + Level 4.7 Axes
 + Level 0.5 Armour
 + Level 2.9 Dodging
 - Level 2.1 Stealth


You had 3 spell levels left.
You didn't know any spells.
Your spell library was empty.

Dungeon Overview and Level Annotations

Branches:
Dungeon (2/15)

Altars:


Message History

The adder bites you but does no damage.
You hit the adder.
The adder is heavily wounded.
The adder bites you but does no damage.
A jackal comes into view.
The adder misses you.
You miss the adder.
The adder is moderately wounded.
The adder bites you.
A jackal comes into view.
You aren't carrying any potions.
As you read the scroll of silence, it crumbles to dust.
A profound silence engulfs you. The adder bites you. The jackal bites you.
* * * LOW HITPOINT WARNING * * *
You barely miss the jackal. You barely miss the adder.
The adder barely misses you.
The jackal bites you but does no damage.
The adder bites you.
* * * LOW HITPOINT WARNING * * *
You hit the adder but do no damage.
The adder is moderately wounded.
You miss the jackal. The jackal closely misses you. The adder bites you.
* * * LOW HITPOINT WARNING * * *
The jackal bites you.
* * * LOW HITPOINT WARNING * * *
You aren't carrying any potions.
Okay, then.
Magic scrolls do not work when you're silenced!
You miss the adder.
The adder is moderately wounded.
You barely miss the jackal. The adder bites you.
* * * LOW HITPOINT WARNING * * *
The jackal barely misses you.
You closely miss the adder.
The adder is moderately wounded.
You hit the jackal. The adder bites you.
* * * LOW HITPOINT WARNING * * *
You are lethally poisoned!
The adder poisons you! The jackal misses you. The adder bites you.
You die...

#......... ..#...#
#...#..### ##.#...#
#...#..# # .......
.....#..# # ..h.. ....
#..# # ..h. ... #..# # ..#
#..### #h# .....# . # #@#
....#.#.# #.#.
#S#####......#.#.# .
#.#.###JK...............
..#.....Kl...##...........
........##.##..#........
..##..##...............#.#
.......##.##.##..........#
......l...##.##...........
.......K#.##.##..#.#.###.#


You could see an adder, an endoplasm (unsilenced), 3 jackals, 2 kobolds and a
frilled lizard.

Vanquished Creatures
  Jessica (D:2)
  2 adders (D:2)
  A worm (D:2)
  3 ball pythons
  2 endoplasms
  2 hobgoblins
  4 bats (D:1)
  3 frilled lizards (D:1)
  3 goblins
  5 kobolds
  2 rats (D:1)
28 creatures vanquished.

Vanquished Creatures (others)
  3 plants (D:1)
3 creatures vanquished.

Grand Total: 31 creatures vanquished

Notes
Turn   | Place    | Note
-------+----------+-------------------------------------------
     0 | D:1      | BigDaddyOpFi the Hill Orc Monk began the quest for the Orb.
     0 | D:1      | Reached XP level 1. HP: 19/19 MP: 1/1
   219 | D:1      | Reached XP level 2. HP: 25/27 MP: 2/2
   376 | D:1      | Found a faded altar of an unknown god.
   595 | D:2      | Noticed Jessica
   618 | D:2      | Killed Jessica
   619 | D:2      | Reached XP level 3. HP: 10/33 MP: 3/3
  1064 | D:2      | Reached XP level 4. HP: 32/40 MP: 4/4
  1335 | D:2      | HP: 1/41 [adder (4)]
  1335 | D:2      | Slain by an adder

Illustrated notes

Levels and vault maps discovered:
D:1:      shiori_shiawase, layout_rooms, hellmonk_ecumenical_altar_lost_god,
          serial_forest, infiniplex_forest_clump_diagonal,
          infiniplex_forest_lined_2, infiniplex_forest_lined_room_2,
          infiniplex_forest_lined_corner, infiniplex_forest_clump_curved,
          infiniplex_forest_join, infiniplex_forest_straight_5,
          hangedman_decor_growths, serial_bayou_pond_e, minmay_pentomino_s4
D:2:      layout_basic, st_stairs_5, uniq_jessica, uniq_terence

Skill      XL: |  1  2 |
---------------+-------+-----
Fighting       | 4 |  4.3
Stealth        | 2 |  2.1
Axes           | |  4.7
Armour         | |  0.5
Dodging        | |  2.9

Action                   |  1- 3 |  4- 6 || total
-------------------------+-------+-------++-------
Melee: Hand axe          |    88 |    37 ||   125
  Use: Scroll            |     5 |     1 ||     6
       Potion            |     2 |       ||     2
 Stab: Sleeping          |     4 |       ||     4
       Distracted        |     1 |       ||     1
Armor: Robe              |    25 |    10 ||    35
Dodge: Dodged            |    67 |    32 ||    99

Table legend: (Time is in decaauts)
 A = Elapsed time spent in this place.
 B = Non-inter-level travel time spent in this place.
 C = Inter-level travel time spent in this place.
 D = Time resting spent in this place.
 E = Time spent auto-exploring this place.
 F = Levels seen in this place.
 G = Mean time per level.
                   A        B        C        D        E       F      G
               +--------+--------+--------+--------+--------+-----+--------+
         Total |   1356 |   1330 |     26 |    376 |    659 |   2 |  678.0 |
       Dungeon |   1356 |   1330 |     26 |    376 |    659 |   2 |  678.0 |
               +--------+--------+--------+--------+--------+-----+--------+

Top non-repeatable levels by time:
     D:2: 760 daAuts
     D:1: 595 daAuts
